 Dungeon Crawl Stone Soup version 0.29-a0-8-g0446c0dae4 (webtiles) character file.

Game seed: 4376658209359371071

253 HallandMoats the Ruffian (level 6, 0/53 HPs)
             Began as a Ghoul Monk on Jan 27, 2022.
             Killed from afar by an orc wizard (9 damage)
             ... with a magic dart
             ... on level 3 of the Dungeon.
             The game lasted 00:03:02 (2991 turns).

HallandMoats the Ruffian (Ghoul Monk)               Turns: 2991, Time: 00:03:05

Health: 0/53       AC: 10    Str: 17    XL:     6   Next: 14%
Magic:  4/7        EV:  6    Int:  5    God:
Gold:   142        SH:  0    Dex: 17    Spells: 5/5 levels left

rFire   . . .      SeeInvis .     - Unarmed
rCold   + . .      Faith    .   (no shield)
rNeg    + + +      Spirit   .   j - +0 plate armour
rPois   ∞          Reflect  .   (no helmet)
rElec   .          Harm     .   (no cloak)
rCorr   .          Rampage  .   (no gloves)
Will    .....                   (no boots)
Stlth   ..........              (no amulet)
HPRegen 0.00/turn               e - +6 ring of dexterity
MPRegen 0.10/turn               (no ring)

@: inhibited regen
A: claws 1, cold resistance 1, negative energy resistance 3, inhibited
regeneration, torment resistance 2
a: no special abilities


You were on level 3 of the Dungeon.
You visited 1 branch of the dungeon, and saw 3 of its levels.

You collected 142 gold pieces.

Inventory:

Hand Weapons
 b - a +2 whip of venom
Missiles
 f - a throwing net (quivered)
Armour
 j - a +0 plate armour (worn)
Jewellery
 e - a +6 ring of dexterity (left claw)
Wands
 k - a wand of flame (6)
Scrolls
 c - 3 scrolls of teleportation {unknown}
 g - a scroll of holy word {unknown}
 h - a scroll of fear {unknown}
 i - a scroll of amnesia {unknown}
Potions
 a - a potion of degeneration {unknown}
 d - a potion of haste {unknown}
 l - a potion of curing {unknown}


   Skills:
 * Level 4.4 Fighting
 + Level 1.4 Armour
 + Level 3.3 Dodging
 - Level 2.1 Stealth
 * Level 4.6 Unarmed Combat
 * Level 3.0 Invocations


You had 5 spell levels left.
You didn't know any spells.
Your spell library contained the following spells:

 Spells                   Type           Power      Damage    Failure   Level
 Foxfire                  Conj/Fire      0%         2x1d4     100%        1
 Conjure Flame            Conj/Fire      0%         6-21      100%        3
 Inner Flame              Hex/Fire       0%         N/A       100%        3
 Flame Wave               Conj/Fire      0%         2d4       100%        4


Dungeon Overview and Level Annotations

Branches:
Dungeon (3/15)

Altars:


Innate Abilities, Weirdness & Mutations

You thrive by killing the living.
You are immune to poison.
You have sharp fingernails.
Your flesh is cold resistant. (rC+)
You are immune to negative energy. (rN+++)
You do not regenerate when monsters are visible.
You are immune to unholy pain and torment.


Message History

The orc hits you but does no damage.
You hit Sigmund.
Sigmund looks even sicker.
Sigmund is almost dead.
You kill Sigmund!
The orc hits you but does no damage.
Your Fighting skill increases to level 4!
Your Armour skill increases to level 1!
Your Invocations skill increases to level 3!
You have reached level 5!
You feel stronger.
You have reached level 6!
Unknown command.
Your +2 whip of venom stops dripping with poison.
You are now empty-clawed.
You scratch the orc.
You kill the orc!
The orc wizard hits you with a +0 dagger.
* * * LOW HITPOINT WARNING * * *
Things that are here:
a +0 scythe; a +0 robe You scratch the orc wizard.
Your claw misses the orc wizard.
The orc wizard is moderately wounded.
The orc wizard hits you but does no damage.
Something hits you but does no damage.
You scratch the orc wizard but do no damage.
The orc wizard is moderately wounded.
The orc wizard hits you with a +0 dagger.
* * * LOW HITPOINT WARNING * * *
Something hits you but does no damage.
You closely miss the orc wizard.
The orc wizard is moderately wounded.
The orc wizard hits you but does no damage.
Something hits you but does no damage.
You scratch the orc wizard but do no damage.
The orc wizard is moderately wounded.
The orc wizard hits you but does no damage.
You hear some strange, mumbled words.
A magic dart appears from out of thin air!
The magic dart hits you!
You die...

#.###...........##
...####.####...#......##
........................
....>.....######.##.....
...........##.....#..>..
..................#.....
...........)......#....#
.......{................
......o@†).###....#.....
.........)## #....######
..........# #....# #
...........# #....#
...........# ######
...........#
...........#
...........#


You could see an orc wizard.

Vanquished Creatures
  Sigmund (D:3)
  2 adders
  2 worms
  3 dart slugs
  2 orcs (D:3)
  2 ball pythons (D:3)
  3 endoplasms
  4 giant cockroaches
  3 goblins
  4 hobgoblins
  4 jackals (D:1)
  13 kobolds
  3 quokkas
  5 bats
  6 rats
57 creatures vanquished.

Notes
Turn   | Place    | Note
-------+----------+-------------------------------------------
     0 | D:1      | HallandMoats the Ghoul Monk began the quest for the Orb.
     0 | D:1      | Reached XP level 1. HP: 19/19 MP: 0/0
   122 | D:1      | You fall into a shaft and drop 1 floor!
   412 | D:2      | Reached XP level 2. HP: 16/26 MP: 1/1
   948 | D:1      | Reached skill level 1 in Invocations
  1240 | D:1      | Reached XP level 3. HP: 30/31 MP: 2/2
  1335 | D:1      | HP: 1/31 [dart slug/slug dart (3)]
  2324 | D:2      | Reached XP level 4. HP: 40/40 MP: 4/4
  2619 | D:3      | Found a faded altar of an unknown god.
  2971 | D:3      | Noticed Sigmund
  2984 | D:3      | Killed Sigmund
  2985 | D:3      | Reached skill level 1 in Armour
  2985 | D:3      | Reached XP level 5. HP: 9/47 MP: 4/6
  2985 | D:3      | Reached XP level 6. HP: 11/53 MP: 4/7
  2991 | D:3      | Killed from afar by an orc wizard

Illustrated notes

Levels and vault maps discovered:
D:1:      dpeg_arrival_three_same_balls, layout_basic, chequers_avenue,
          minmay_misc_feat_plants
D:2:      layout_basic
D:3:      layout_rooms, nzn_wu_jian_council_hall, basic_ecumenical_altar,
          minmay_fractal_squares_gapless_5, uniq_crazy_yiuf_cottage,
          uniq_sigmund

Skill      XL: |  1  2  3  4 |
---------------+-------------+-----
Invocations    | 1 3 |  3.0
Dodging        | 3 |  3.3
Unarmed Combat | 4 |  4.6
Fighting       | 4 |  4.4
Armour         | 1 |  1.4
Stealth        | |  2.1

Action                   |  1- 3 |  4- 6 || total
-------------------------+-------+-------++-------
Melee: Unarmed           |   106 |    54 ||   160
       Punch             |     2 |     2 ||     4
       Whip              |       |     5 ||     5
Evoke: Wand              |       |     6 ||     6
 Stab: Sleeping          |     9 |       ||     9
Armor: Robe              |    16 |       ||    16
       Plate armour      |       |    37 ||    37
Dodge: Dodged            |    74 |    13 ||    87

Table legend: (Time is in decaauts)
 A = Elapsed time spent in this place.
 B = Non-inter-level travel time spent in this place.
 C = Inter-level travel time spent in this place.
 D = Time resting spent in this place.
 E = Time spent auto-exploring this place.
 F = Levels seen in this place.
 G = Mean time per level.
                   A        B        C        D        E       F      G
               +--------+--------+--------+--------+--------+-----+--------+
         Total |   2980 |   2868 |    112 |      0 |   2443 |   3 |  993.3 |
       Dungeon |   2980 |   2868 |    112 |      0 |   2443 |   3 |  993.3 |
               +--------+--------+--------+--------+--------+-----+--------+

Top non-repeatable levels by time:
     D:2: 1315 daAuts
     D:1: 1296 daAuts
     D:3: 367 daAuts
